 Dungeon Crawl Stone Soup version 0.24-a0-203-gf0bc1e9 (webtiles) character file.

Game seed: 1101000797442577848

224 Ijustatesigmund the Cudgeler (level 6, -2/43 HPs)
             Began as an Octopode Fighter on Mar 26, 2019.
             Slain by Grinder (9 damage)
             ... while paralysed by Grinder
             ... on level 4 of the Dungeon.
             The game lasted 00:05:22 (2459 turns).

Ijustatesigmund the Cudgeler (Octopode Fighter)     Turns: 2459, Time: 00:05:22

Health: -2/43      AC:  1    Str: 21    XL:     6   Next: 0%
Magic:  6/6        EV:  2    Int: 10    God:
Gold:   144        SH:  0    Dex: 13    Spells: 5/5 levels left

rFire    . . .     SeeInvis .   a - +1 flail
rCold    . . .     Gourm    .   b - +1 shield
rNeg     . . .     Faith    .   (helmet restricted)
rPois    .         Spirit   .   (no amulet)
rElec    .         Reflect  .   (no ring)
rCorr    .         Harm     .   (no ring)
MR       .....                  (no ring)
Stlth    ++........             (no ring)
HPRegen  0.14/turn              (no ring)
MPRegen  0.10/turn              (no ring)
                                (no ring)
                                (no ring)

@: paralysed, mighty
A: almost no armour, stealthy swim, amphibious, 8 rings, constrict 8, camouflage
1, gelatinous body 1
a: no special abilities


You were on level 4 of the Dungeon.
You were not hungry.

You visited 1 branch of the dungeon, and saw 4 of its levels.

You collected 144 gold pieces.

Inventory:

Hand Weapons
 a - a +1 flail (weapon)
Armour
 b - a +1 shield (worn)
Scrolls
 e - 5 scrolls of identify
 f - a scroll of immolation
 k - 4 scrolls of remove curse
Potions
 h - a potion of ambrosia
 j - a potion of curing
Comestibles
 d - 9 rations


   Skills:
 + Level 3.9 Fighting
 * Level 4.0 Maces & Flails
 + Level 3.9 Dodging
 + Level 3.9 Shields


You had 5 spell levels left.
You didn't know any spells.
Your spell library was empty.

Dungeon Overview and Level Annotations

Branches:
Dungeon (4/15)
 Temple: D:4-7

Altars:
Dithmenos
Elyvilon
Qazlal

Annotations:
D:4 Grinder, Menkaure


Innate Abilities, Weirdness & Mutations

You cannot wear most types of armour.
You are very stealthy in the water. (Stealth+)
You are amphibious.
You can wear up to eight rings at the same time.
You can use your tentacles to constrict eight enemies at once.
Your skin changes colour to match your surroundings (Stealth+).
Your rubbery body absorbs attacks. (AC +1, EV +1)


Message History

The orc shouts!
Grinder shouts!
The orc shouts!
You hear a shout!
An orc comes into view. It is wielding a +0 short sword.
Grinder drinks a potion.
Grinder seems to speed up.
Found a silvery potion.
You feel very mighty all of a sudden. The orc closely misses you.
You hear the slow rusting of a distant drain.
Grinder gestures at you.
You suddenly lose the ability to move!
The orc hits you from afar with a +0 trident.
The orc hits you but does no damage. Grinder hits you.
* * * LOW HITPOINT WARNING * * *
Grinder hits you.
* * * LOW HITPOINT WARNING * * *
You writhe in agony.
* * * LOW HITPOINT WARNING * * *
The orc hits you but does no damage. Grinder hits you!
You die...

#..............,,**,,,,,,,
#.............!,,,,,,,,,,,
#..........o...,,***,,,,,,
#........o.o...,,****,,,,,
#..............,,,,**,****
*#......o......,,,,**,* *
*#.....o#,,,,,*,..,,,* *
######5##******O#,,** *
#.@# *.#,,** * ##.##
*.#,,,**** #..# *.#,*,,*,,
####.######.#,**,,,*
#.......##..#,**.,,,
#.......##.##....***
#...>.....[.......,,
#........#########**
#####............>,,


You could see Grinder and 2 orcs.

Vanquished Creatures
  Natasha (thrice) (D:3)
  3 adders
  4 oozes
  An adder skeleton (D:4)
  4 worms
  5 dart slugs
  2 leopard geckos
  2 orcs (D:3)
  8 giant cockroaches
  9 goblins
  7 hobgoblins
  5 jackals
  A quokka (D:2)
  7 bats
  4 frilled lizards
  7 kobolds
  6 rats
78 creatures vanquished.

Notes
Turn   | Place    | Note
-------+----------+-------------------------------------------
     0 | D:1      | Ijustatesigmund the Octopode Fighter began the quest for
                  | the Orb.
     0 | D:1      | Reached XP level 1. HP: 16/16 MP: 1/1
    49 | D:1      | Reached XP level 2. HP: 20/21 MP: 2/2
   270 | D:1      | Reached XP level 3. HP: 26/26 MP: 3/3
   646 | D:1      | Reached skill level 3 in Maces & Flails
   736 | D:2      | Found a shadowy altar of Dithmenos.
   740 | D:2      | Reached XP level 4. HP: 16/31 MP: 4/4
  1434 | D:2      | Found a white marble altar of Elyvilon.
  1529 | D:3      | Noticed an air elemental
  1639 | D:3      | Reached XP level 5. HP: 18/36 MP: 5/5
  1809 | D:3      | Noticed Natasha
  1815 | D:3      | Killed Natasha
  2120 | D:3      | Found a stormy altar of Qazlal.
  2121 | D:3      | Noticed a fire elemental
  2121 | D:3      | Noticed a water elemental
  2259 | D:3      | Noticed Natasha
  2268 | D:3      | Killed Natasha
  2274 | D:3      | Noticed Natasha
  2279 | D:3      | Killed Natasha
  2279 | D:3      | Reached skill level 4 in Maces & Flails
  2408 | D:4      | Noticed Menkaure
  2412 | D:4      | Noticed Grinder
  2439 | D:4      | Reached XP level 6. HP: 17/43 MP: 6/6
  2455 | D:4      | Paralysed by Grinder for 7 turns
  2459 | D:4      | Slain by Grinder

Levels and vault maps discovered:
D:1:      eino_arrival_water_cross, layout_rooms, minmay_door_square,
          minivault_4
D:2:      layout_basic, nicolae_dithmenos_through_a_glass_darkly,
          nicolae_overflow_crystal_walls, minmay_unequal
D:3:      layout_rooms, nicolae_qazlal_style_of_elements, first_ration,
          uniq_natasha
D:4:      layout_rooms, kennysheep_okawaru_gauntlet, overflow_temple_1_default,
          gup_sewer_entry_spiral, uniq_pikel, uniq_menkaure, uniq_sigmund,
          uniq_grinder

Skill      XL: |  1  2  3  4  5 |
---------------+----------------+-----
Maces & Flails | 3 4 |  4.0
Fighting       | |  3.9
Dodging        | |  3.9
Shields        | |  3.9

Action                   |  1- 3 |  4- 6 || total
-------------------------+-------+-------++-------
Melee: Flail             |    55 |    88 ||   143
       Constrict         |    16 |    24 ||    40
       Tentacles         |    14 |    20 ||    34
  Use: Scroll            |     1 |    10 ||    11
       Potion            |       |     1 ||     1
 Stab: Sleeping          |     6 |     6 ||    12
       Distracted        |     1 |       ||     1
  Eat: Chunk             |       |     5 ||     5
Armor: Skin              |     3 |     5 ||     8
Dodge: Dodged            |    19 |    41 ||    60
Block: Shield            |    18 |    41 ||    59

Table legend:
 A = Non-vault XP
 B = Vault XP
 C = Vault XP percentage of total XP
 D = Non-vault monster count
 E = Vault monster count
 F = Vault count percentage of total count
                 A         B        C        D         E       F
            +---------+---------+-------+---------+---------+-------
      Total |     270 |      50 |  15.6 |      75 |       3 |   3.8
            +---------+---------+-------+---------+---------+-------
        D:1 |      74 |       0 |   0.0 |      28 |       0 |   0.0
        D:2 |      43 |      14 |  24.6 |      21 |       2 |   8.7
        D:3 |     146 |      36 |  19.8 |      24 |       1 |   4.0
        D:4 |       7 |       0 |   0.0 |       2 |       0 |   0.0
            +---------+---------+-------+---------+---------+-------
